 Dungeon Crawl Stone Soup version 0.24.0-28-g17ded55e90 (webtiles) character file.

Game seed: 4084325413979612546, levelgen mode: deterministic

5049 Delamore the Severer (level 10, -8/61 HPs)
             Began as a Hill Orc Fighter on Nov 12, 2019.
             Was a Follower of Qazlal.
             Killed from afar by a wretched star (28 damage)
             ... with an orb of energy
             ... on level 3 of the Abyss.
             The game lasted 00:18:32 (8236 turns).

Delamore the Severer (Hill Orc Fighter)             Turns: 8236, Time: 00:18:32

Health: -8/61      AC: 13    Str: 26    XL:     10   Next: 56%
Magic:  8/8        EV:  6    Int:  6    God:    Qazlal [*.....]
Gold:   292        SH: 11    Dex: 10    Spells: 9/9 levels left

rFire    . . .     SeeInvis .   d - +3 hand axe (chop)
rCold    . . .     Gourm    .   c - +0 shield
rNeg     . . .     Faith    .   w - +0 plate armour
rPois    .         Spirit   .   (no helmet)
rElec    .         Reflect  .   (no cloak)
rCorr    .         Harm     .   B - +0 pair of gloves
MR       +....     Rnd*Rage +   F - +0 pair of boots
Stlth    ..........             P - amulet of the acrobat
HPRegen  0.60/turn              k - +2 ring of slaying
MPRegen  0.11/turn              z - +3 ring of strength

@: no status effects
A: repulsion field 1, [berserk 2], dopey 1, [frail 2], [low mp 2], magic
resistance 1, regeneration 1, [no potion heal 2]
a: Renounce Religion


You were on level 3 of the Abyss.
You worshipped Qazlal.
Qazlal was aware of your devotion.
You were not hungry.

You visited 2 branches of the dungeon, and saw 9 of its levels.
You visited the Abyss 1 time.

You collected 337 gold pieces.
You spent 45 gold pieces at shops.

Inventory:

Hand Weapons
 a - a +0 war axe
 d - a +3 hand axe of chopping (weapon)
Missiles
 q - a boomerang (quivered)
Armour
 c - a +0 shield (worn)
 w - a +0 plate armour (worn)
 B - a +0 pair of gloves (worn)
 F - a +0 pair of boots (worn)
Jewellery
 k - a +2 ring of slaying (left hand)
 z - a +3 ring of strength (right hand)
 M - an uncursed ring of positive energy
 P - an amulet of the acrobat (around neck)
Wands
 A - a wand of paralysis (12)
 C - a wand of scattershot (13)
 E - a wand of flame (22)
 L - a wand of digging (6)
 N - a wand of polymorph (5)
Scrolls
 e - 2 scrolls of amnesia {unknown}
 h - 2 scrolls of fear {unknown}
 j - 2 scrolls of enchant armour {unknown}
 n - 7 scrolls of teleportation {unknown}
 o - a scroll of vulnerability {unknown}
 p - a scroll of blinking
 u - 2 scrolls of magic mapping
 x - 5 scrolls of remove curse {unknown}
 y - a scroll of immolation
 G - a scroll of fog {unknown}
 I - a scroll of silence {unknown}
 O - a scroll of enchant weapon
Potions
 m - 2 potions of brilliance
 r - 2 potions of flight
 t - 2 potions of ambrosia
 v - 2 potions of haste
 D - 2 potions of heal wounds
 H - a potion of cancellation
Comestibles
 b - 6 chunks of flesh
 f - 18 rations


   Skills:
 - Level 3.6 Fighting
 + Level 18.3 Axes
 - Level 3.2 Armour
 - Level 3.2 Shields


You had 9 spell levels left.
You didn't know any spells.
Your spell library contained the following spells:

 Spells                   Type           Power        Failure   Level  Hunger
 Animate Skeleton         Necr           N/A          100%        1    ##.....
 Pain                     Necr           #...         100%        1    ##.....
 Regeneration             Chrm/Necr      #.........   100%        3    ####...
 Vampiric Draining        Necr           #.........   100%        3    ####...
 Animate Dead             Necr           N/A          100%        4    #####..


Dungeon Overview and Level Annotations

Branches:
Dungeon (8/15)             Temple (1/1) D:4
   Lair: D:8-11

Altars:
Ashenzari
Cheibriados
Dithmenos
Elyvilon
Fedhas
Gozag
Hepliaklqana
Kikubaaqudgha
Makhleb
Nemelex Xobeh
Qazlal
Ru
Sif Muna
Trog
Uskayaw
Vehumet
Wu Jian
Xom
Yredelemnul
The Shining One
Lugonu

Shops:
D:5 ?   D:6 }


Innate Abilities, Weirdness & Mutations

You are surrounded by a mild repulsion field. (EV +2)
You are dopey. (Int -2)
You are resistant to hostile enchantments. (MR+)
Your natural rate of healing is unusually fast.
[You often lose your temper in combat.]
[You are very frail. (-20% HP)]
[Your magical capacity is very low. (-20% MP)]
[Potions are poor at restoring your health.]


Message History

The wretched star glows turbulently.
The orb of energy hits you!
* * * LOW HITPOINT WARNING * * *
Your system partially rejects the healing.
You feel better.
Your system partially rejects the healing.
You feel much better.
The wretched star glows turbulently.
The orb of energy hits you!
* * * LOW HITPOINT WARNING * * *
The orb of energy explodes!
The wretched star pulses with an eldritch light!
You feel less energetic. x2; You feel frail. x2
You slash the wretched star!
The wretched star is moderately damaged.
You closely miss the wretched star.
The wretched star is moderately damaged.
The wretched star glows turbulently.
The orb of energy hits you!!
You die...

#. . .. .. .
..#/###.#. ..
## . #
.##...###.# .
#..ยง#.# .##
*##.### .#
##...#..# # ##
...#.##...
#..###......#
###..*@#.####..
#.....#..# .
#.#...##.#
##.#....##
#..####.# ###
#.# .# . .


You could see a wretched star.

Vanquished Creatures
  3 thrashing horrors
  An orange demon (Abyss:3)
  A wyvern (D:8)
  A human (D:7)
  Eustachio (D:5)
  4 hogs (D:7)
  A hungry ghost (D:7)
  2 orc warriors (D:7)
  3 sky beasts
  5 ogres
  3 phantoms
  A centaur (D:8)
  A crocodile (D:8)
  2 bullfrogs
  2 scorpions
  11 killer bees
  A small abomination (D:8)
  5 howler monkeys
  A crimson imp (D:6)
  A quasit (D:5)
  An orc priest (D:4)
  5 hounds
  6 orc wizards
  4 iguanas
  4 worker ants
  8 adders
  3 gnolls (D:4)
  A shadow imp (D:7)
  An ooze (D:2)
  An adder skeleton (D:3)
  2 worms
  4 dart slugs
  7 leopard geckos
  20 orcs
  4 bats
  5 giant cockroaches
  13 goblins
  6 hobgoblins
  16 jackals
  5 kobolds (D:3)
  6 quokkas
  5 frilled lizards
  A jackal skeleton (D:3)
  15 rats
193 creatures vanquished.

Vanquished Creatures (others)
  A starspawn tentacle (D:8)
1 creature vanquished.

Grand Total: 194 creatures vanquished

Notes
Turn   | Place    | Note
-------+----------+-------------------------------------------
     0 | D:1      | Delamore the Hill Orc Fighter began the quest for the Orb.
     0 | D:1      | Reached XP level 1. HP: 19/19 MP: 1/1
    13 | D:1      | Reached skill level 3 in Axes
   120 | D:1      | Reached XP level 2. HP: 26/26 MP: 2/2
   227 | D:1      | Reached skill level 4 in Axes
   490 | D:1      | Reached XP level 3. HP: 30/31 MP: 3/3
   806 | D:2      | Reached skill level 5 in Axes
   857 | D:2      | Found a sacrificial altar of Ru.
  1027 | D:2      | Found a sparkling altar of Nemelex Xobeh.
  1262 | D:2      | Reached XP level 4. HP: 39/39 MP: 4/4
  1593 | D:3      | Reached skill level 6 in Axes
  1864 | D:3      | Reached XP level 5. HP: 40/45 MP: 5/5
  2196 | D:4      | Noticed a phantom
  2231 | D:4      | Reached skill level 7 in Axes
  2279 | D:4      | Reached skill level 8 in Axes
  2279 | D:4      | Reached XP level 6. HP: 37/51 MP: 6/6
  2399 | D:3      | Killed a phantom
  2511 | D:4      | Reached skill level 9 in Axes
  2745 | D:4      | Found a staircase to the Ecumenical Temple.
  2816 | Temple   | Entered the Ecumenical Temple
  2888 | D:4      | Reached XP level 7. HP: 52/57 MP: 7/7
  3071 | D:4      | Reached skill level 10 in Axes
  3299 | D:5      | Entered Level 5 of the Dungeon
  3343 | D:5      | Noticed Eustachio
  3825 | D:5      | Killed Eustachio
  3825 | D:5      | Reached skill level 11 in Axes
  4239 | D:5      | Found Irius's Magic Scroll Boutique.
  4259 | D:5      | Bought a scroll of magic mapping for 45 gold pieces
  4512 | D:5      | Reached XP level 8. HP: 64/64 MP: 8/8
  4561 | D:5      | Found a shimmering blue altar of Sif Muna.
  4561 | D:5      | Found a glowing golden altar of the Shining One.
  4566 | D:5      | Found a faded altar of an unknown god.
  4568 | D:5      | Found a white marble altar of Elyvilon.
  4569 | D:5      | Found an opulent altar of Gozag.
  4574 | D:5      | Became a worshipper of Lugonu the Unformed
  4574 | D:5      | Reached * piety under Lugonu
  4574 | D:5      | Reached ** piety under Lugonu
  4735 | D:5      | Found a shimmering blue altar of Sif Muna.
  4938 | D:6      | Reached skill level 12 in Axes
  5174 | D:6      | Reached skill level 13 in Axes
  5229 | D:6      | Found Ceukk's Gadget Boutique.
  5838 | D:6      | Found a sparkling altar of Nemelex Xobeh.
  6045 | D:7      | Reached skill level 14 in Axes
  6045 | D:7      | Reached XP level 9. HP: 66/70 MP: 9/9
  6576 | D:7      | Reached skill level 15 in Axes
  6608 | D:7      | Found a shimmering altar of Xom.
  6611 | D:7      | Found a hazy altar of Hepliaklqana.
  6614 | D:7      | Found an ancient bone altar of Kikubaaqudgha.
  6617 | D:7      | Found a stormy altar of Qazlal.
  6621 | D:7      | Fell from the grace of Lugonu
  6621 | D:7      | Became a worshipper of Qazlal Stormbringer
  7421 | D:7      | Reached skill level 16 in Axes
  7429 | D:7      | Reached XP level 10. HP: 58/77 MP: 10/10
  7500 | D:8      | Noticed a seven-headed hydra
  7508 | D:7      | Reached skill level 17 in Axes
  7692 | D:8      | Noticed a thrashing horror
  7692 | D:8      | Noticed a thrashing horror
  7698 | D:8      | Killed a thrashing horror
  7710 | D:8      | Killed a thrashing horror
  7747 | D:7      | Reached * piety under Qazlal
  7995 | D:7      | Gained mutation: Your body sometimes deteriorates upon
                  | taking damage. [potion of mutation]
  7995 | D:7      | Gained mutation: Your natural rate of healing is unusually
                  | fast. [potion of mutation]
  7995 | D:7      | Gained mutation: You are resistant to hostile enchantments.
                  | (MR+) [potion of mutation]
  7995 | D:7      | Gained mutation: You have sharp toenails. [potion of
                  | mutation]
  7996 | D:7      | Lost mutation: You have sharp toenails. [potion of
                  | mutation]
  7996 | D:7      | Lost mutation: Your body sometimes deteriorates upon taking
                  | damage. [potion of mutation]
  7996 | D:7      | Gained mutation: You are dopey. (Int -2) [potion of
                  | mutation]
  7996 | D:7      | Gained mutation: You are surrounded by a mild repulsion
                  | field. (EV +2) [potion of mutation]
  8032 | D:8      | Found a blossoming altar of Fedhas.
  8128 | D:8      | Noticed a tentacled starspawn
  8143 | D:8      | Cast into level 3 of the Abyss (Lugonu's touch)
  8172 | Abyss:3  | Noticed a thrashing horror
  8189 | Abyss:3  | Killed a thrashing horror
  8189 | Abyss:3  | Reached skill level 18 in Axes
  8194 | Abyss:3  | Noticed an orange demon
  8213 | Abyss:3  | Noticed a wretched star
  8213 | Abyss:3  | Killed an orange demon
  8236 | Abyss:3  | Killed from afar by a wretched star

Levels and vault maps discovered:
D:1:      wander_arrival_abandoned_jail, layout_loops_corners
D:2:      layout_basic, nemelex_xobeh_ov_fountains_minmay, lemuel_doored_altar
D:3:      layout_loops_ring
D:4:      kennysheep_the_goblin_king, layout_rooms, minmay_temple_entry_ruins,
          first_ration
D:5:      layout_cave_pods, chequers_temple_overflow_minitemple, basic_altar,
          serial_shops, nicolae_shop_temple_entry_statues_fountains,
          uniq_eustachio
D:6:      layout_cave_pools, basic_altar, serial_shops, shop
D:7:      layout_gridville, grunt_temple_overflow_cloverleaf, grunt_livestock
D:8:      wad_pebble_path, layout_cave_pools, zin_statuary, fedhas_altar_1,
          uniq_harold, uniq_erica
Temple:   eino_wide_crystal_templ
Abyss:3:  base:
D:10

Skill      XL: |  1  2  3  4  5  6  7  8  9 10 |
---------------+-------------------------------+-----
Axes           | 3 4 5 6 8 9 11 14 16 18 | 18.3
Fighting       | |  3.6
Armour         | |  3.2
Shields        | |  3.2

Action                   |  1- 3 |  4- 6 |  7- 9 | 10-12 || total
-------------------------+-------+-------+-------+-------++-------
Melee: War axe           |   109 |   135 |       |       ||   244
       Hand axe          |       |    10 |   329 |    90 ||   429
Throw: Boomerang         |       |       |    19 |       ||    19
Evoke: Wand              |       |       |     1 |       ||     1
  Use: Scroll            |       |     4 |       |     7 ||    11
       Potion            |       |     1 |       |     6 ||     7
  Eat: Chunk             |     1 |     5 |    16 |     2 ||    24
Armor: Scale mail        |    50 |    43 |       |       ||    93
       Plate armour      |       |    21 |   213 |    67 ||   301
Dodge: Dodged            |    35 |    42 |    45 |    30 ||   152
Block: Shield            |    46 |    71 |   144 |    67 ||   328
